 Dungeon Crawl Stone Soup version 0.28.0-43-g3370ac3207 (webtiles) character file.

Game seed: 7642513403410802219

109 issech the Cudgeller (level 4, -6/44 HPs)
             Began as a Troll Monk on Mar 16, 2022.
             Mangled by a wyvern zombie (13 damage)
             ... on level 3 of the Dungeon.
             The game lasted 00:08:51 (1682 turns).

issech the Cudgeller (Troll Monk)                   Turns: 1682, Time: 00:08:51

Health: -6/44      AC:  4    Str: 19    XL:     4   Next: 60%
Magic:  3/3        EV: 10    Int: 12    God:
Gold:   85         SH:  0    Dex: 14    Spells: 3/3 levels left

rFire   . . .      SeeInvis .   a - +0 mace
rCold   . . .      Faith    .   (no shield)
rNeg    . . .      Spirit   .   b - +0 robe
rPois   .          Reflect  .   (helmet restricted)
rElec   .          Harm     .   (no cloak)
rCorr   .          Rampage  .   (gloves unavailable)
Will    .....                   (boots unavailable)
Stlth   ++........              (no amulet)
HPRegen 0.94/turn               k - +6 ring of intelligence
MPRegen 0.08/turn               (no ring)

@: no status effects
A: large, unfitting armour, claws 3, regeneration 1, shaggy fur 1, tough skin 1
a: no special abilities


You were on level 3 of the Dungeon.
You visited 1 branch of the dungeon, and saw 3 of its levels.

You collected 85 gold pieces.

Inventory:

Hand Weapons
 a - a +0 mace (weapon)
 m - a +0 hunting sling
Missiles
 f - 87 stones (quivered)
 h - 18 sling bullets
 j - 56 arrows
Armour
 b - a +0 robe (worn)
Jewellery
 k - a +6 ring of intelligence (left claw)
Scrolls
 e - 5 scrolls of identify {unknown}
 g - a scroll of magic mapping {unknown}
 l - a scroll of noise {unknown}
 p - a scroll of teleportation {unknown}
Potions
 c - 2 potions of brilliance {unknown}
 d - a potion of attraction {unknown}
 i - a potion of mutation {unknown}
 n - a potion of ambrosia {unknown}
 o - 2 potions of degeneration {unknown}


   Skills:
 + Level 2.8 Fighting
 + Level 4.0 Maces & Flails
 + Level 3.0 Dodging
 + Level 1.3 Stealth


You had 3 spell levels left.
You didn't know any spells.
Your spell library contained the following spells:

 Spells                   Type           Power      Damage    Failure   Level
 Magic Dart               Conj           0%         1d3       32%         1
 Call Imp                 Summ           0%         N/A       45%         2
 Mephitic Cloud           Conj/Pois/Air  0%         N/A       69%         3


Dungeon Overview and Level Annotations

Branches:
Dungeon (3/15)

Altars:

Shops:
D:1 [   D:2 *


Innate Abilities, Weirdness & Mutations

You are too large for most types of armour.
You have claws for hands.
Your natural rate of healing is unusually fast.
You are covered in fur. (AC +1)
You have tough skin. (AC +1)


Message History

The slug dart hits you but does no damage.
You hit the dart slug.
The dart slug is almost dead.
You hit the dart slug.
You kill the dart slug!
Your Maces & Flails skill increases to level 4!
You hit the rat.
You kill the rat!
j - 56 arrows (gained 23)
A wyvern zombie is nearby!
The wyvern zombie bites you. The wyvern zombie closely misses you.
You barely miss the wyvern zombie.
The wyvern zombie is moderately damaged.
The wyvern zombie closely misses you.
You hit the wyvern zombie.
The wyvern zombie is moderately damaged.
The wyvern zombie misses you. The wyvern zombie bites you.
You hit the wyvern zombie but do no damage.
The wyvern zombie is moderately damaged.
The wyvern zombie bites you!
You hit the wyvern zombie but do no damage.
The wyvern zombie is moderately damaged.
The wyvern zombie bites you!
* * * LOW HITPOINT WARNING * * *
The wyvern zombie misses you. The wyvern zombie closely misses you.
The wyvern zombie bites you!
* * * LOW HITPOINT WARNING * * *
The wyvern zombie barely misses you. The wyvern zombie bites you.
* * * LOW HITPOINT WARNING * * *
The wyvern zombie bites you but does no damage.
The wyvern zombie bites you!
* * * LOW HITPOINT WARNING * * *
The wyvern zombie barely misses you. The wyvern zombie bites you!
* * * LOW HITPOINT WARNING * * *
The wyvern zombie barely misses you. The wyvern zombie bites you!
You die...

#.### #.. #.# #.# #.#
####.# #.# #.# ....# #.#
#.# #..# #.# #.#########
####..####.###
#.........####...#.........
#########.......###..##.##
# # #[.....Z@##
##.#...##.###
#.#.##....###.........#..
#.#.##...#.#.###...####.#
#.#.###.###.#####....##.#
#.#.# #.# ##..........#.#
#...# #.# #.####.......#
#...# #.# #.# ####)...#
##..# #.####.#######รท##.#
#..# #.............<##.#


You could see a wyvern zombie.

Vanquished Creatures
  Terence (D:2)
  3 adders
  A worm (D:2)
  2 dart slugs
  4 ball pythons
  6 bats
  4 endoplasms
  4 giant cockroaches
  2 hobgoblins (D:1)
  6 kobolds
  A quokka (D:2)
  2 frilled lizards (D:2)
  8 goblins
  7 rats
51 creatures vanquished.

Vanquished Creatures (others)
  7 plants (D:3)
7 creatures vanquished.

Grand Total: 58 creatures vanquished

Notes
Turn   | Place    | Note
-------+----------+-------------------------------------------
     0 | D:1      | issech the Troll Monk began the quest for the Orb.
     0 | D:1      | Reached XP level 1. HP: 22/22 MP: 0/0
    89 | D:1      | Reached skill level 3 in Maces & Flails
   109 | D:1      | Reached XP level 2. HP: 26/29 MP: 1/1
   169 | D:1      | You fall into a shaft and drop 1 floor!
   239 | D:2      | Reached XP level 3. HP: 36/36 MP: 2/2
   413 | D:2      | Found Jaod's Assorted Antiques.
   536 | D:2      | Found a faded altar of an unknown god.
   636 | D:1      | Found Usunliunodd's Antique Armour Boutique.
  1128 | D:3      | Noticed Terence
  1198 | D:2      | Killed Terence
  1199 | D:2      | Reached XP level 4. HP: 43/44 MP: 3/3
  1629 | D:3      | Reached skill level 4 in Maces & Flails
  1668 | D:3      | HP: 1/44 [wyvern zombie (14)]
  1676 | D:3      | HP: 1/44 [wyvern zombie (8)]
  1682 | D:3      | Mangled by a wyvern zombie

Illustrated notes

Levels and vault maps discovered:
D:1:      dpeg_arrival_shrine, layout_rooms, serial_shops,
          nicolae_shop_window_shopping, chequers_serial_rivers_room_a,
          minmay_misc_feat_roman, chequers_hall_statues_wall_a,
          chequers_serial_rivers_small_3
D:2:      layout_rooms, serial_shops, shop, dreamdust_ecumenical_altar_statues,
          corexii_corridor_pit
D:3:      layout_loops_ring, serial_bayou_pond_c, uniq_terence

Skill      XL: |  1  2  3  4 |
---------------+-------------+-----
Maces & Flails | 3 4 |  4.0
Dodging        | 3 |  3.0
Fighting       | |  2.8
Stealth        | |  1.3

Action                   |  1- 3 |  4- 6 || total
-------------------------+-------+-------++-------
Melee: Mace              |   128 |    36 ||   164
 Stab: Sleeping          |     2 |     1 ||     3
Armor: Robe              |    63 |    12 ||    75
Dodge: Dodged            |   100 |    28 ||   128
